 Dungeon Crawl Stone Soup version 0.26-a0-1013-gf6ffb0d6bd (webtiles) character file.

Game seed: 18419928753537794567

381 dickylongcocking the Ruffian (level 6, -8/39 HPs)
             Began as an Octopode Gladiator on Dec 8, 2020.
             Was a Follower of Nemelex Xobeh.
             Mangled by an ice beast (9 damage)
             ... on level 5 of the Dungeon.
             The game lasted 00:02:34 (4353 turns).

dickylongcocking the Ruffian (Octopode Gladiator)   Turns: 4353, Time: 00:02:34

Health: -8/39      AC:  1    Str: 14    XL:     6   Next: 75%
Magic:  8/8        EV: 11    Int: 12    God:    Nemelex Xobeh [*.....]
Gold:   340        SH:  7    Dex: 13    Spells: 4/5 levels left

rFire    . . .     SeeInvis .     - Unarmed
rCold    . . .     Faith    .   s - +0 kite shield
rNeg     . . .     Spirit   .   a - +0 hat
rPois    .         Reflect  .   m - amulet of regeneration
rElec    .         Harm     .   p - ring of stealth
rCorr    .         Rampage  .   (no ring)
Will     .....                  (no ring)
Stlth    ++++......             (no ring)
HPRegen  0.53/turn              (no ring)
MPRegen  0.11/turn              (no ring)
                                (no ring)
                                (no ring)

@: no status effects
A: almost no armour, stealthy swim, amphibious, 8 rings, constrict 8, camouflage
1, gelatinous body 1
a: Draw Escape, Draw Destruction, Draw Summoning, Renounce Religion


You were on level 5 of the Dungeon.
You worshipped Nemelex Xobeh.
Nemelex Xobeh was aware of your devotion.
You visited 2 branches of the dungeon, and saw 6 of its levels.

You collected 340 gold pieces.

Inventory:

Missiles
 b - 3 throwing nets (quivered)
Armour
 a - a +0 hat (worn)
 s - a +0 kite shield (worn)
Jewellery
 m - an amulet of regeneration (around mantle)
 p - a ring of stealth (left tentacle)
Wands
 o - a wand of iceblast (13)
 u - a wand of acid (6)
Scrolls
 c - 3 scrolls of identify {unknown}
 d - a scroll of magic mapping {unknown}
 e - a scroll of remove curse {unknown}
 k - 3 scrolls of amnesia {unknown}
 l - 2 scrolls of blinking {unknown}
 q - 2 scrolls of fear {unknown}
 r - 2 scrolls of teleportation {unknown}
 t - a scroll of noise {unknown}
Potions
 f - 3 potions of curing {unknown}
 g - 2 potions of might {unknown}
 h - a potion of brilliance {unknown}
 i - a potion of ambrosia {unknown}
 j - 2 potions of heal wounds {unknown}
 n - a potion of invisibility {unknown}


   Skills:
 - Level 2.0 Fighting
 - Level 2.0 Throwing
 - Level 3.0 Dodging
 + Level 3.9 Stealth
 * Level 1.5 Shields
 * Level 5.4 Unarmed Combat
 * Level 3.4 Invocations


You had 4 spell levels left.
You knew the following spells:

 Your Spells              Type           Power        Failure   Level
a - Apportation           Tloc           #.....       88%         1

Your spell library contained the following spells:

 Spells                   Type           Power        Failure   Level
 Animate Skeleton         Necr           #.....       88%         1
 Corona                   Hex            #......      88%         1
 Summon Small Mammal      Summ           #...         88%         1


Dungeon Overview and Level Annotations

Branches:
Dungeon (5/15)             Temple (1/1) D:4

Altars:
Ashenzari
Cheibriados
Dithmenos
Elyvilon
Fedhas
Gozag
Kikubaaqudgha
Makhleb
Nemelex Xobeh
Okawaru
Qazlal
Ru
Sif Muna
Vehumet
Wu Jian
Xom
The Shining One


Innate Abilities, Weirdness & Mutations

You cannot wear most types of armour.
You are very stealthy in the water. (Stealth+)
You are amphibious.
You can wear up to eight rings at the same time.
You can use your tentacles to constrict eight enemies at once.
Your skin changes colour to match your surroundings (Stealth+).
Your rubbery body absorbs attacks. (AC +1, EV +1)


Message History

You are too injured to fight recklessly!
You are too injured to fight recklessly!
You barely miss the ice beast.
You squeeze the ice beast, but do no damage.
The ice beast is almost dead.
You block the ice beast's attack.
You tentacle-slap the ice beast but do no damage.
The ice beast is almost dead.
The ice beast misses you.
You barely miss the ice beast. Your squeeze misses the ice beast.
The ice beast is almost dead.
The ice beast hits you. The ice beast freezes you!
* * * LOW HITPOINT WARNING * * *
You closely miss the ice beast.
The ice beast is almost dead.
The ice beast hits you.
* * * LOW HITPOINT WARNING * * *
The ice beast freezes you!
You die...
Your body glows slightly and disappears.

. .#### ..[.... #.#.#.#
.# #.#.#.# .#
#.#.#^#..# # #
#.#.#.#..#
#..#.#@#.#.#..#########
#.....Y.[.......(......
#.............######...
#..#######.#########...
#. ###.##......#... #
#..>.'......'...
#.####......##.. ...
#......+.). ...
####......##..


You could see an ice beast.

Vanquished Creatures
  A centaur (D:3)
  A scorpion (D:4)
  A centaur zombie (D:3)
  A hound (D:4)
  2 worker ants (D:4)
  4 adders
  An ooze (D:4)
  3 worms
  3 dart slugs
  9 leopard geckos
  2 orcs
  A ball python (D:1)
  4 bats
  3 giant cockroaches
  6 goblins
  8 hobgoblins
  12 jackals
  3 quokkas
  3 frilled lizards
  4 kobolds
  A leopard gecko skeleton (D:4)
  7 rats
80 creatures vanquished.

Notes
Turn   | Place    | Note
-------+----------+-------------------------------------------
     0 | D:1      | dickylongcocking the Octopode Gladiator began the quest for
                  | the Orb.
     0 | D:1      | Reached XP level 1. HP: 14/14 MP: 1/1
     8 | D:1      | Noticed an electric eel
   198 | D:1      | Reached XP level 2. HP: 17/19 MP: 2/2
   273 | D:1      | Reached skill level 1 in Stealth
   384 | D:1      | Reached XP level 3. HP: 19/24 MP: 3/3
   452 | D:1      | Reached skill level 4 in Unarmed Combat
  1185 | D:2      | Found a sparkling altar of Nemelex Xobeh.
  1200 | D:2      | Became a worshipper of Nemelex Xobeh the Trickster
  1453 | D:2      | Found a broken altar of Ashenzari.
  1456 | D:2      | Found a radiant altar of Vehumet.
  1459 | D:2      | Found a glowing golden altar of the Shining One.
  1652 | D:2      | Reached XP level 4. HP: 29/29 MP: 4/4
  1815 | D:3      | Noticed a centaur
  1832 | D:3      | Killed a centaur
  1833 | D:3      | Reached XP level 5. HP: 15/34 MP: 4/6
  2343 | D:3      | Reached skill level 5 in Unarmed Combat
  2670 | D:3      | Learned a level 1 spell: Apportation
  2777 | D:3      | Reached XP level 6. HP: 30/39 MP: 8/8
  3318 | D:3      | Reached * piety under Nemelex Xobeh
  3416 | D:4      | Found a snail-covered altar of Cheibriados.
  3429 | D:4      | Found a blossoming altar of Fedhas.
  3552 | D:4      | Reached skill level 1 in Shields
  3799 | D:4      | Received a gift from Nemelex Xobeh
  3803 | D:4      | Found a staircase to the Ecumenical Temple.
  3854 | Temple   | Entered the Ecumenical Temple
  4188 | D:4      | Found a burning altar of Makhleb.
  4246 | D:4      | Found a sacrificial altar of Ru.
  4277 | D:5      | Entered Level 5 of the Dungeon
  4341 | D:5      | Noticed an ice beast
  4353 | D:5      | HP: 1/39 [ice beast (1)]
  4353 | D:5      | Mangled by an ice beast

Illustrated notes

Levels and vault maps discovered:
D:1:      arrival_aquarium_a, layout_rooms, serial_corexii_hall,
          corexii_hall_statues_x, corexii_hall_statues_t, minmay_tetromino_o2
D:2:      layout_basic, nicolae_overflow_crystal_walls,
          nicolae_overflow_hidden_temple, grunt_temple_overflow_diamond
D:3:      minmay_wonky_spiral, layout_loops_ring, grunt_ministairs_10,
          minmay_fractal_squares_gapless_5
D:4:      layout_gridville, lemuel_doored_altar, kennysheep_little_box,
          lemuel_round_altar, makhleb_heckhound_becter,
          minmay_temple_entry_ruins
D:5:      layout_basic, lemuel_crystal_altar, minmay_misc_feat_rows,
          uniq_menkaure
Temple:   compressed_dpeg_triangle_lava_temple

Skill      XL: |  1  2  3  4  5  6 |
---------------+-------------------+-----
Stealth        | 1 2 3 |  3.9
Unarmed Combat | 4 5 |  5.4
Invocations    | 2 3 |  3.4
Shields        | 1 |  1.5
Fighting       | |  2.0
Throwing       | |  2.0
Dodging        | |  3.0

Action                   |  1- 3 |  4- 6 || total
-------------------------+-------+-------++-------
Melee: Unarmed           |    65 |   116 ||   181
       Constrict         |    25 |    26 ||    51
       Tentacles         |    16 |    26 ||    42
       Punch             |     3 |     3 ||     6
 Stab: Sleeping          |     7 |    10 ||    17
Armor: Skin              |     3 |     2 ||     5
Dodge: Dodged            |    41 |    59 ||   100
Block: Kite shield       |       |    12 ||    12

Table legend: (Time is in decaauts)
 A = Elapsed time spent in this place.
 B = Non-inter-level travel time spent in this place.
 C = Inter-level travel time spent in this place.
 D = Time resting spent in this place.
 E = Time spent auto-exploring this place.
 F = Levels seen in this place.
 G = Mean time per level.
                   A        B        C        D        E       F      G
               +--------+--------+--------+--------+--------+-----+--------+
         Total |   4341 |   4151 |    190 |    352 |   3307 |   6 |  723.5 |
       Dungeon |   4096 |   3915 |    181 |    352 |   3073 |   5 |  819.2 |
        Temple |    244 |    235 |      9 |      0 |    234 |   1 |  244.0 |
               +--------+--------+--------+--------+--------+-----+--------+

Top non-repeatable levels by time:
     D:3: 1539 daAuts
     D:2: 1053 daAuts
     D:1: 717 daAuts
     D:4: 711 daAuts
  Temple: 244 daAuts
     D:5: 75 daAuts
